 Dungeon Crawl Stone Soup version 0.30-a0-728-gc68057be0a (webtiles) character file.

Game seed: 8082839173783943950

156021 MackTheKnife the Spry (level 17, -15/133 HPs)
             Began as a Vampire Wanderer on Jan 29, 2023.
             Was the Champion of Uskayaw.
             Demolished by Asterion
             ... wielding a +7 demon whip of electrocution
              (22 damage)
             ... on level 1 of the Snake Pit on Jan 30, 2023.
             The game lasted 00:58:59 (35600 turns).

MackTheKnife the Spry (Vampire Wanderer)           Turns: 35600, Time: 00:59:00

Health: -15/133    AC: 18    Str: 12    XL:     17   Next: 9%
Magic:  24/26      EV: 30    Int: 25    God:    Uskayaw [******]
Gold:   576        SH:  8    Dex: 34    Spells: 15/28 levels left

rFire   . . .      SeeInvis +    a - +3 quick blade (drain) {shortrare=g}
rCold   . . .      Faith    +    T - +0 buckler
rNeg    . . .      Spirit   .    O - +3 ring mail {rPois}
rPois   +          Reflect  .    Y - +2 hat
rElec   +          Harm     .    x - +2 cloak
rCorr   .          Rampage  .    W - +2 pair of gloves {hurl}
Will    ++...      Clarity  +    (no boots)
Stlth   ++++                     X - amulet "Nashrirphe" {Faith Will+}
HPRegen 0.62/turn                t - ring of Skepticism {Drain rElec Int+9 Dex+3}
MPRegen 0.20/turn                e - +10 ring of dexterity

@: lethally poisoned (-15 -> -19), silenced (expiring), healing quickly
A: alive, fangs 3, see invisible, vampiric 2, horns 1, clarity, strong 1, no
potion heal 1
a: Exsanguinate, Renounce Religion


You were on level 1 of the Snake Pit.
You worshipped Uskayaw.
Uskayaw was aware of your devotion.
You visited 8 branches of the dungeon, and saw 28 of its levels.
You also visited: Gauntlet.

You collected 3210 gold pieces.
You spent 2634 gold pieces at shops.


Innate Abilities, Weirdness & Mutations

Your natural rate of healing is accelerated.
You have razor-sharp teeth.
You have supernaturally acute eyesight. (SInv)
You are afflicted with vampirism and can become a bat while bloodless.
You have a pair of small horns on your head.
You possess an exceptional clarity of mind.
Your muscles are strong. (Str +4, Int/Dex -1)
Potions are less effective at restoring your health.


   Skills:
 - Level 12.0 Fighting
 - Level 10.0 Short Blades
 - Level 8.0 Armour
 + Level 18.2 Dodging
 + Level 9.2 Stealth
 - Level 6.0 Shields
 - Level 6.4 Spellcasting
 - Level 14.5 Hexes
 - Level 7.6 Air Magic
 - Level 8.0 Invocations
 - Level 7.5 Evocations


You had 15 spell levels left.
You knew the following spells:

 Your Spells              Type           Power      Damage    Failure   Level
a - Slow                  Hex            100%       N/A       1%          1
b - Confusing Touch       Hex            69%        N/A       1%          3
c - Cause Fear            Hex            34%        N/A       1%          4
d - Silence               Hex/Air        29%        N/A       5%          5

Your spell library contained the following spells:

 Spells                   Type           Power      Damage    Failure   Level
 Ensorcelled Hibernation  Hex/Ice        88%        N/A       1%          2
 Dazzling Flash           Conj/Hex       88%        N/A       2%          3
 Inner Flame              Hex/Fire       44%        N/A       2%          3
 Summon Guardian Golem    Hex/Summ       44%        N/A       2%          3
 Swiftness                Air            46%        N/A       2%          3
 Airstrike                Air            23%        2d(4-20)  8%          4
 Anguish                  Hex/Necr       22%        N/A       9%          4
 Leda's Liquefaction      Hex/Erth       22%        N/A       9%          4
 Cigotuvi's Dreadful Rot  Necr/Pois/Air  40%        N/A       10%         2
 Freeze                   Ice            32%        1d5       19%         1
 Sandblast                Erth           16%        2d6       19%         1
 Summon Small Mammal      Summ           32%        N/A       19%         1
 Passwall                 Tmut/Erth      6%         N/A       26%         2
 Summon Mana Viper        Hex/Summ       44%        N/A       26%         5
 Summon Lightning Spire   Summ/Air       27%        N/A       36%         4
 Call Canine Familiar     Summ           8%         N/A       47%         3
 Frozen Ramparts          Ice            16%        1d3       47%         3
 Hailstorm                Conj/Ice       8%         3d4       47%         3
 Spider Form              Tmut/Pois      8%         N/A       47%         3
 Stone Arrow              Conj/Erth      16%        3d8       47%         3
 Vampiric Draining        Necr           8%         2d6       47%         3
 Lightning Bolt           Conj/Air       13%        1d27      71%         5
 Dispel Undead            Necr           8%         3d8       87%         4
 Iskenderun's Mystic Bla  Conj/Tloc      8%         2d4       87%         4
 Passage of Golubria      Tloc           8%         N/A       87%         4
 Summon Ice Beast         Ice/Summ       8%         N/A       87%         4
 Freezing Cloud           Conj/Ice/Air   10%        6-21      87%         5
 Discord                  Hex            34%        N/A       96%         8
 Lee's Rapid Deconstruct  Erth           4%         3d5*      99%         5
 Conjure Ball Lightning   Conj/Air       13%        3x3d6     99%         6
 Death Channel            Necr           4%         N/A       100%        6
 Simulacrum               Ice/Necr       4%         N/A       100%        6
 Starburst                Conj/Fire      4%         6d3       100%        6
 Statue Form              Tmut/Erth      5%         N/A       100%        6
 Monstrous Menagerie      Summ           4%         N/A       100%        7
 Disjunction              Tloc           4%         N/A       100%        8
 Lehudib's Crystal Spear  Conj/Erth      4%         10d3      100%        8
 Polar Vortex             Ice            4%         N/A       100%        9

Inventory:

Hand Weapons
 a - a +3 quick blade of draining (weapon) {shortrare=g}
   (You subdued it on level 2 of the Elven Halls)
Armour
 x - a +2 cloak (worn)
   (You found it on level 4 of the Dungeon)
 B - a +2 helmet
   (You found it on level 7 of the Dungeon)
 K - a +2 robe of resistance
   (You took it off Erica on level 10 of the Dungeon)
 O - a +3 ring mail of poison resistance (worn)
   (You found it on level 11 of the Dungeon)
 R - a +0 cloak of preservation
   (You found it on level 4 of the Lair of Beasts)
 T - a +0 buckler (worn)
   (You found it on level 4 of the Lair of Beasts)
 W - a +2 pair of gloves of hurling (worn)
   (You found it on level 12 of the Dungeon)
 Y - a +2 hat (worn)
   (You found it on level 9 of the Dungeon)
Magical Staves
 U - a staff of death {!astaff}
   (You found it on level 5 of the Lair of Beasts)
Jewellery
 e - a +10 ring of dexterity (right hand)
   (You bought it in a shop on level 11 of the Dungeon)
 r - the ring of Veffio {Fly rC+ Will+ MP-9 Str+5}
   (You found it on level 1 of the Depths)

   [ring of flight]

   Str:       It affects your strength (+5).
   rC:        It protects you from cold.
   MP:        It affects your magic capacity (-9).
   Fly:       It grants you flight.
   Will:      It increases your willpower.
 t - the ring of Skepticism (left hand) {Drain rElec Int+9 Dex+3}
   (You bought it in a shop on level 11 of the Dungeon)

   [ring of intelligence]

   Int:       It affects your intelligence (+9).
   Dex:       It affects your dexterity (+3).
   rElec:     It insulates you from electricity.
   Drain:     It drains your maximum health when unequipped.
 v - a ring of resist corrosion
   (You found it on level 3 of the Dungeon)
 y - a ring of wizardry
   (You found it on level 1 of the Lair of Beasts)
 P - a ring of protection from cold
   (You found it on level 3 of the Lair of Beasts)
 X - the amulet "Nashrirphe" (around neck) {Faith Will+}
   (You found it in a Gauntlet)

   [amulet of faith]

   It allows you to gain divine favour quickly.
   Will:      It increases your willpower.
Wands
 k - a wand of iceblast (10)
   (You found it on level 15 of the Dungeon)
 q - a wand of digging (5)
   (You took it off Crazy Yiuf on level 2 of the Dungeon)
 E - a wand of flame (16)
   (You found it on level 9 of the Dungeon)
 Q - a wand of charming (2)
   (You found it on level 4 of the Lair of Beasts)
Scrolls
 c - 3 scrolls of fog
 m - 2 scrolls of torment {!r}
 o - 5 scrolls of vulnerability {!r!r}
 w - 8 scrolls of teleportation {@r4}
 z - a scroll of blinking {!r}
 C - a scroll of amnesia
 D - 3 scrolls of fear
 H - a scroll of magic mapping {!r}
 L - a scroll of immolation {!r!r}
 S - 4 scrolls of enchant armour
 V - a scroll of poison {!r}
Potions
 b - 8 potions of curing {@q1}
 d - 3 potions of brilliance
 g - a potion of cancellation
 i - a potion of magic
 j - 2 potions of heal wounds {@q2}
 l - a potion of mutation {!q}
 s - 4 potions of ambrosia
 u - 5 potions of lignification {!q}
 A - 2 potions of resistance
 F - a potion of might
 G - 3 potions of flight
 I - 3 potions of attraction {unknown}
Miscellaneous
 M - a box of beasts (inert)
   (You found it on level 11 of the Dungeon)
 N - a phial of floods
   (You found it on level 11 of the Dungeon)

Dungeon Overview and Level Annotations

Branches:
Dungeon (15/15) Zot: 25407  Temple (1/1) D:5 Zot: 5944    Lair (5/5) D:11 Zot: 23194
  Swamp (1/4) Lair:3 Zot: 5988   Snake (1/4) Lair:2 Zot: 5604   Slime (0/5) Lair:4
    Orc (2/2) D:11 Zot: 8650     Elf (2/3) Orc:2 Zot: 8892  Vaults (0/5) D:13
 Depths (1/4) D:15 Zot: 5434 Gauntlet (visited)

Altars:
Ashenzari
Cheibriados
Dithmenos
Fedhas
Gozag
Hepliaklqana
Kikubaaqudgha
Makhleb
Nemelex Xobeh
Okawaru
Qazlal
Ru
Sif Muna
Trog
Uskayaw
Vehumet
Wu Jian
Xom
Yredelemnul
Jiyva

Shops:
D:4 =   D:11 =   D:13 [   D:15 *   Orc:1 !**   Orc:2 (*=(   Snake:1 [

Annotations:
D:4 1 runed translucent door
D:8 exclusion: centaur
Lair:5 exclusion: oklob plant
Snake:1 Asterion
Elf:1 3 runed translucent doors, Frances, Jorgrun
Elf:2 exclusion: 2 upstairs

#.........# .........[..##
...........[..<##
........#...)...##
........##.......#
.........##.)โ€ ...##
.........#.โ€ .....#
...###....N.#.......##
...........2@.#.......##
..........))HS.##.......#
...........NN#.###......##
ยง.)..........#..###......###
.............#....##.#.....##
S.............#....#.##.....##
.S..[.........##....#..#......
....#.....#....########.......
S.......#.#...##......##).....


You could see Asterion (fast), a balrug (summoned), 2 salamanders, a shock
serpent (drained) and a naga.


Message History

๐Ÿ˜• MP[+1]
You barely miss the shock serpent.
The shock serpent completely misses you.
The naga completely misses you. You block the naga's attack.
You hit the shock serpent. The salamander closely misses you.
Asterion hits you with a +7 demon whip of electrocution.
Asterion completely misses you. You block the salamander's attack.
Unknown command. ๐Ÿ˜• HP[-1]
You take 1 damage, and now have 101/133 hp.
You hit the shock serpent.
The shock serpent completely misses you. ๐Ÿ˜• HP[+1] Unknown command.
You puncture the shock serpent! Your headbutt misses the shock serpent.
The shock serpent's electric aura discharges, shocking you!
You resist. Asterion completely misses you.
Asterion gores you but does no damage. The naga barely misses you.
The naga completely misses you.
Unknown command.
You closely miss the shock serpent. You bite the shock serpent.
The salamander hits you but does no damage.
You block the shock serpent's attack.
The salamander hits you but does no damage.
Unknown command.
You hit the shock serpent.
Asterion prays to Makhleb.
Unknown command.
You miss the shock serpent. Your headbutt misses the shock serpent.
The naga completely misses you. The naga misses you.
The shock serpent misses you. The salamander barely misses you.
Unknown command.
You hit the shock serpent. You drain the shock serpent.
You headbutt the shock serpent. Asterion completely misses you.
Asterion barely misses you.
The salamander hits you from afar with a +0 trident.
You are engulfed in flames! ๐Ÿ˜ฎ HP[-18]
You take 18 damage, and now have 84/133 hp.
Unknown command.
The shock serpent misses you.
The balrug hits you with a +1 demon whip of venom!
You are engulfed in flames!!
* * * LOW HITPOINT WARNING * * *
You are poisoned.
The salamander misses you. You block the salamander's attack.
The shock serpent shoots out a bolt of lightning at you!
The bolt of electricity misses you. x2
The bolt of electricity hits the shock serpent.
The shock serpent completely resists.
The bolt of electricity hits the salamander!! ๐Ÿ˜จ HP[-42]
You take 42 damage, and now have 42/133 hp.
MASSIVE DAMAGE!! (PAUSE) Unknown command.
Unknown command.
The shock serpent attacks as you move away!
The shock serpent misses you.
You feel very sick. The balrug gestures at you. Makhleb smites you!
* * * LOW HITPOINT WARNING * * *
Asterion completely misses you. Asterion gores you.
* * * LOW HITPOINT WARNING * * *
The balrug gestures at you. The sticky flame hits you!
You are covered in liquid flames!
* * * LOW HITPOINT WARNING * * *
Things that are here:
a +0 mace {mace}; a +0 robe; a shock serpent corpse Unknown command. ๐Ÿ˜ฑ HP[-24]
You take 24 damage, and now have 18/133 hp.
Unknown command.
Unknown command.
Your system partially rejects the healing.
You feel much better.
You are covered in liquid flames!
* * * LOW HITPOINT WARNING * * *
You feel sick. You block Asterion's attack.
Asterion gores you but does no damage. The salamander misses you.
You block the balrug's attack. The shock serpent bites you!
* * * LOW HITPOINT WARNING * * *
The shock serpent shocks you. You resist.
* * * LOW HITPOINT WARNING * * *
๐Ÿ˜ฑ HP[-3] MP[+1]
You take 3 damage, and now have 15/133 hp.
Magic scrolls do not work when you're silenced!
Your system partially rejects the healing.
You feel much better.
You are covered in liquid flames!
* * * LOW HITPOINT WARNING * * *
You feel sick. Asterion barely misses you. You block Asterion's attack.
The shock serpent barely misses you. The balrug gestures at you.
Makhleb smites you!
* * * LOW HITPOINT WARNING * * *
The salamander hits you but does no damage.
Asterion hits you with a +7 demon whip of electrocution!!
You die...

Skill      XL: |  1  2  3  4  5  6  7  8  9 10 11 12 13 14 15 16 17 |
---------------+----------------------------------------------------+-----
Stealth        | 2 4 6 7 8 9 |  9.2
Short Blades   | 2 4 6 8 10 | 10.0
Dodging        | 5 6 7 9 11 14 18 | 18.2
Fighting       | 6 8 12 | 12.0
Spellcasting   | 4 6 |  6.4
Hexes          | 7 10 14 | 14.5
Invocations    | 6 8 |  8.0
Armour         | 6 8 |  8.0
Shields        | 6 |  6.0
Evocations     | 5 7 |  7.5
Air Magic      | 7 |  7.6

Action                     |  1- 3 |  4- 6 |  7- 9 | 10-12 | 13-15 | 16-18 || total
---------------------------+-------+-------+-------+-------+-------+-------++-------
  Melee: Dagger            |   142 |   218 |    20 |       |       |       ||   380
         Bite              |    16 |    26 |    32 |   140 |   331 |   122 ||   667
         Punch             |     1 |     1 |       |    12 |    18 |       ||    32
         Short sword       |       |       |   257 |   948 |  1803 |   508 ||  3516
         Quick blade       |       |       |       |       |       |   137 ||   137
         Headbutt          |       |       |       |       |       |    57 ||    57
   Cast: Confusing Touch   |       |       |       |     5 |    50 |    26 ||    81
         Silence           |       |       |       |       |       |     9 ||     9
 Invoke: Line Pass         |       |       |     1 |       |     1 |     1 ||     3
         Stomp             |       |       |       |       |     1 |     1 ||     2
  Evoke: Wand              |       |       |     2 |    18 |    20 |     5 ||    45
         Box of beasts     |       |       |       |       |     3 |     3 ||     6
         Phial of floods   |       |       |       |       |       |     2 ||     2
    Use: Scroll            |       |     6 |    10 |     3 |     8 |     8 ||    35
         Potion            |       |       |       |       |     2 |    14 ||    16
   Stab: Sleeping          |     8 |    15 |    12 |    12 |    18 |    13 ||    78
         Distracted        |     1 |     1 |       |     1 |     3 |     3 ||     9
         Invisible         |       |       |     1 |     7 |    14 |     3 ||    25
         Paralysed         |       |       |     6 |    61 |   112 |    34 ||   213
         Confused          |       |       |       |     7 |    64 |    21 ||    92
 Armour: Leather armour    |    45 |    61 |    41 |   169 |       |       ||   316
         Ring mail         |       |       |       |    77 |   309 |    29 ||   415
         Robe              |       |       |       |       |       |    33 ||    33
  Dodge: Dodged            |   105 |   143 |   125 |   509 |  1176 |   458 ||  2516
  Block: Other             |       |    17 |    40 |   159 |   195 |       ||   411
         Reflection        |       |       |       |     4 |     6 |       ||    10
         Buckler           |       |       |       |       |   188 |   164 ||   352

Levels and vault maps discovered:
D:1:      dpeg_arrival_stone_temple_mockup, layout_loops_corners,
          dreamdust_ecumenical_altar_hidden_monk_grotto, minmay_misc_feat_tower
D:2:      layout_rooms, basic_altar, uniq_jessica, uniq_crazy_yiuf_cottage
D:3:      minmay_chambers_of_threes, layout_rooms
D:4:      layout_basic, dk_yredelemnul_ordeal, chequers_ossuary_entry_cave,
          nicolae_stop_n_shop_1
D:5:      layout_basic, nicolae_uskayaw_en_pointe,
          minmay_temple_entry_mini_moons, uniq_sigmund, uniq_duvessa, uniq_pikel
D:6:      layout_basic
D:7:      layout_basic, mainiacjoe_overflow_chevrons
D:8:      layout_layer_cave, fedhas_bush_and_centaur_altar,
          nzn_hepliaklqana_mist_gate
D:9:      layout_basic, overflow_temple_1_default, lemuel_doored_altar,
          bh_circular_ruins
D:10:     layout_roguey, nicolae_overflow_hidden_temple, kennysheep_mini_moat,
          uniq_erica, uniq_maurice, uniq_lodul
D:11:     lemuel_vampire_tower, layout_loops_cross, lair_entry_dummy,
          david_orc_2, nicolae_shop_unique_rings, chequers_serial_rivers_room_b,
          nicolae_wu_jian_immortal_techniques
D:12:     layout_roguey
D:13:     layout_loops_ring, david_vaults_2, serial_shops, shop_coins,
          gauntlet_entry_generic, serial_aquarium, aquarium_bridge_long_joined
          [aquarium_subvault_wall, aquarium_subvault_balcony,
          aquarium_subvault_bridge, aquarium_subvault_wall,
          aquarium_subvault_wall, aquarium_subvault_bridge],
          aquarium_window_fake, aquarium_window_1, aquarium_view_2d,
          aquarium_view_2e, aquarium_balcony_3b, aquarium_pool_split
D:14:     layout_cave_pods, minmay_tree_intersection, serial_park,
          serial_park_gazebo [serial_park_minivault_5x5_1], serial_park_tiny_1,
          serial_park_tiny_2, serial_park_square3 [serial_park_minivault_5x5_1],
          serial_bayou_pond_d
D:15:     gammafunk_depths_entry_grave, layout_loops_ring,
          amcnicky_mini_corridor_feature, zin_purify
Temple:   minmay_temple_bridge_abc
Lair:1:   layout_loops_ring, infiniplex_staircase_pool
Lair:2:   layout_gridlike, dummy_snake_entry
Lair:3:   layout_cave_shapes, skrybe_swamp_entry_bodies
Lair:4:   layout_cave_pods, slime_entry_1, beast_lair_carwin_10
Lair:5:   wormcave, layout_gridlike, hangedman_lair_caniforms_friends,
          grunt_megastairs_3, serial_bayou_shore_a
Swamp:1:  layout_basic_swamp, nicolae_swamp_feature_on_the_river_bank
Snake:1:  layout_onion_interference, nicolae_shop_dragon_depot, uniq_nikola,
          uniq_aizul, uniq_asterion
Orc:1:    layout_caves, serial_shops, shop, nicolae_specific_store,
          uniq_josephine
Orc:2:    st_orc_mages, layout_caves, elf_legates
Elf:1:    eino_elf_arrival_altar, layout_gridlike, hangedman_elf_disciples,
          nicolae_gammafunk_elf_defective_weapons_storage, uniq_frances,
          uniq_donald, uniq_kirke, uniq_agnes, uniq_jorgrun
Elf:2:    elven_hall_of_blades_hangedman_alternative
          [nicolae_blade_entry_antechamber], layout_geoelf_diagonals,
          minmay_misc_feat_alley, nicolae_elf_big_sculpture_2
Depths:1: layout_gridlike, chequers_serial_rivers_micro_d, grunt_hell_horde,
          amcnicky_mini_pool_medium, grunt_megastairs_2, minmay_shop_grove

Notes
Turn   | Place    | Note
-------+----------+-------------------------------------------
     0 | D:1      | MackTheKnife the Vampire Wanderer began the quest for the
                  | Orb.
     0 | D:1      | MackTheKnife set off with the following items: a +0 dagger
                  | {short}, a potion of curing {@q1}, a scroll of fog, a +2
                  | leather armour; and the following spell memorised: Slow;
                  | and the following spells available to memorise: Summon
                  | Guardian Golem.
     0 | D:1      | Reached XP level 1. HP: 15/15 MP: 2/2
     0 | D:1      | magus.rc [v1.9.6]
    62 | D:1      | Reached skill level 1 in Stealth
    75 | D:1      | Reached skill level 2 in Stealth
   126 | D:1      | Reached XP level 2. HP: 15/21 MP: 3/3
   132 | D:1      | Reached skill level 3 in Stealth
   220 | D:1      | You fall into a shaft and drop 1 floor!
   325 | D:2      | Noticed Jessica
   346 | D:1      | Reached skill level 4 in Stealth
   671 | D:1      | Gained mutation: You are afflicted with vampirism and can
                  | become a bat while bloodless. [Vampire growth]
   671 | D:1      | Reached XP level 3. HP: 26/26 MP: 2/4
   751 | D:1      | Found a faded altar of an unknown god.
  1172 | D:1      | Reached skill level 5 in Stealth
  1413 | D:2      | Killed Jessica
  1414 | D:2      | Reached skill level 6 in Stealth
  1414 | D:2      | Reached XP level 4. HP: 32/32 MP: 1/5
  1605 | D:2      | Found an opulent altar of Gozag.
  1649 | D:2      | Noticed a phantom
  1680 | D:2      | Killed a phantom
  1681 | D:2      | Reached skill level 7 in Stealth
  1681 | D:2      | Reached XP level 5. HP: 37/37 MP: 0/6
  1784 | D:2      | Found a runed translucent door.
  1785 | D:2      | Noticed Crazy Yiuf
  2053 | D:2      | Killed Crazy Yiuf
  2054 | D:2      | Reached skill level 1 in Short Blades
  2156 | D:3      | Reached skill level 2 in Short Blades
  2235 | D:3      | Reached skill level 5 in Dodging
  2246 | D:3      | Reached XP level 6. HP: 32/43 MP: 0/7
  2874 | D:3      | You pick up a book of Callings and begin reading...
  2874 | D:3      | You add the spells Summon Small Mammal and Call Canine
                  | Familiar to your library.
  2884 | D:3      | You pick up a book of Geomancy and begin reading...
  2884 | D:3      | You add the spells Sandblast, Passwall and Stone Arrow to
                  | your library.
  3215 | D:4      | Reached skill level 3 in Short Blades
  3443 | D:4      | Found Gimuawniher's Jewellery Shop.
  3684 | D:4      | Noticed a sky beast
  3691 | D:4      | Killed a sky beast
  3692 | D:4      | Reached skill level 4 in Short Blades
  3692 | D:4      | Reached skill level 6 in Dodging
  3692 | D:4      | Reached XP level 7. HP: 48/48 MP: 6/8
  3813 | D:4      | Found a runed translucent door.
  3813 | D:4      | Noticed a human
  3815 | D:4      | Found a basalt altar of Yredelemnul.
  4020 | D:5      | Entered Level 5 of the Dungeon
  4024 | D:4      | magus.rc [v1.9.6]
  4036 | D:5      | Noticed Duvessa
  4037 | D:5      | Noticed Dowan
  4058 | D:5      | Killed Dowan
  4063 | D:5      | Killed Duvessa
  4147 | D:5      | Noticed Pikel
  4147 | D:5      | Noticed Sigmund
  4157 | D:5      | Reached skill level 5 in Short Blades
  4162 | D:5      | Killed Pikel
  4163 | D:5      | Reached skill level 6 in Short Blades
  4163 | D:5      | Reached skill level 7 in Dodging
  4163 | D:5      | Reached XP level 8. HP: 54/54 MP: 1/9
  4187 | D:5      | Killed Sigmund
  4188 | D:5      | Reached skill level 8 in Dodging
  4340 | D:5      | Reached skill level 7 in Short Blades
  4691 | D:5      | Found a staircase to the Ecumenical Temple.
  4718 | Temple   | Entered the Ecumenical Temple
  4802 | D:5      | Reached skill level 9 in Dodging
  4924 | D:5      | Noticed a +0 short sword
  4924 | D:5      | Noticed a +0 spear
  4927 | D:5      | Noticed a +0 dagger
  4927 | D:5      | Noticed a +0 short sword
  4927 | D:5      | Noticed a +0 dagger
  4927 | D:5      | Noticed a +0 spear
  4935 | D:5      | Found a hide-covered altar of Uskayaw.
  4935 | D:5      | Noticed a +0 falchion
  4937 | D:5      | Noticed a +0 falchion
  4939 | D:5      | Became a worshipper of Uskayaw the Reveller
  4940 | D:5      | magus.rc [v1.9.6]
  5057 | D:5      | Identified the +7 flail of Desperation {freeze, rPois
                  | Will++}
  5120 | D:5      | Reached * piety under Uskayaw
  5447 | D:6      | Reached skill level 8 in Short Blades
  5447 | D:6      | Reached ** piety under Uskayaw
  5637 | D:6      | Reached XP level 9. HP: 40/59 MP: 4/10
  5848 | D:6      | Reached skill level 2 in Fighting
  6258 | D:7      | Upgraded the game from 0.30-a0-726-gd89dcf765f to
                  | 0.30-a0-728-gc68057be0a
  6258 | D:7      | magus.rc [v1.9.6]
  6479 | D:7      | Found a broken altar of Ashenzari.
  7189 | D:8      | You pick up a book of Hexes and begin reading...
  7189 | D:8      | You add the spells Inner Flame, Cause Fear and Discord to
                  | your library.
  7352 | D:8      | Reached *** piety under Uskayaw
  7354 | D:8      | Reached skill level 3 in Fighting
  7385 | D:8      | Found a hazy altar of Hepliaklqana.
  7534 | D:8      | Found a blossoming altar of Fedhas.
  7596 | D:8      | Reached skill level 9 in Short Blades
  7602 | D:8      | Reached **** piety under Uskayaw
  7776 | D:8      | You pick up a book of Debilitation and begin reading...
  7776 | D:8      | You add the spells Vampiric Draining and Confusing Touch to
                  | your library.
  7833 | D:8      | Learned a level 3 spell: Confusing Touch
  8317 | D:9      | Reached skill level 4 in Fighting
  8535 | D:9      | Found a shimmering altar of Xom.
  9131 | D:9      | Reached skill level 5 in Fighting
  9131 | D:9      | Reached skill level 10 in Short Blades
  9335 | D:9      | Reached skill level 6 in Fighting
  9335 | D:9      | Reached XP level 10. HP: 76/76 MP: 7/11
  9341 | D:9      | Reached ***** piety under Uskayaw
  9466 | D:9      | Found a radiant altar of Vehumet.
  9478 | D:9      | Reached skill level 7 in Fighting
  9998 | D:10     | Entered Level 10 of the Dungeon
 10411 | D:10     | Noticed Maurice
 10424 | D:10     | Reached skill level 8 in Fighting
 10434 | D:10     | Killed Maurice
 10435 | D:10     | Reached skill level 2 in Spellcasting
 10435 | D:10     | Reached skill level 3 in Hexes
 10721 | D:10     | Reached skill level 4 in Hexes
 10917 | D:10     | Noticed Erica
 10919 | D:10     | Killed Erica
 10920 | D:10     | Reached skill level 3 in Spellcasting
 10920 | D:10     | Reached skill level 5 in Hexes
 10951 | D:10     | Noticed Lodul
 10966 | D:10     | Reached skill level 6 in Hexes
 10976 | D:10     | Reached skill level 4 in Spellcasting
 10986 | D:10     | Killed Lodul
 10987 | D:10     | Reached skill level 7 in Hexes
 10988 | D:10     | Reached ****** piety under Uskayaw
 10995 | D:10     | Reached XP level 11. HP: 59/86 MP: 0/17
 11201 | D:10     | You pick up a book of Ice and begin reading...
 11201 | D:10     | You add the spells Freezing Cloud, Simulacrum and Polar
                  | Vortex to your library.
 11223 | D:10     | Found a shimmering blue altar of Sif Muna.
 11239 | D:10     | Found a bloodstained altar of Trog.
 11324 | D:10     | Learned a level 4 spell: Cause Fear
 11548 | D:10     | Reached skill level 5 in Spellcasting
 11550 | D:10     | Reached skill level 8 in Hexes
 11866 | D:11     | Reached skill level 9 in Hexes
 12033 | D:11     | Reached skill level 6 in Spellcasting
 12049 | D:11     | Reached skill level 10 in Hexes
 12186 | D:11     | Found Torist's One-of-a-Kind Rings.
 12344 | D:11     | Reached skill level 2 in Invocations
 12349 | D:11     | Reached skill level 3 in Invocations
 12355 | D:11     | Reached skill level 4 in Invocations
 12383 | D:11     | Reached skill level 5 in Invocations
 12606 | D:11     | Reached skill level 6 in Invocations
 12630 | D:11     | Reached XP level 12. HP: 63/92 MP: 1/21
 12673 | D:11     | Reached skill level 7 in Invocations
 12798 | D:11     | Found a basalt altar of Yredelemnul.
 12805 | D:11     | You pick up a book of Frost and begin reading...
 12805 | D:11     | You add the spells Freeze, Frozen Ramparts and Hailstorm to
                  | your library.
 13527 | D:11     | Reached skill level 8 in Invocations
 13590 | D:11     | Found a staircase to the Orcish Mines.
 13591 | D:11     | Noticed a two-headed ogre
 13612 | D:11     | Reached skill level 2 in Armour
 13670 | D:11     | Killed a two-headed ogre
 13671 | D:11     | Reached skill level 3 in Armour
 13815 | D:11     | You pick up a book of Beasts and begin reading...
 13815 | D:11     | You add the spells Summon Ice Beast, Summon Mana Viper and
                  | Monstrous Menagerie to your library.
 13988 | D:11     | Reached skill level 4 in Armour
 14125 | D:11     | Found a staircase to the Lair.
 14188 | D:11     | Found an ornate altar of the Wu Jian Council.
 14301 | Orc:1    | Entered Level 1 of the Orcish Mines
 14553 | D:11     | Bought a +10 ring of dexterity for 1001 gold pieces
 14581 | Orc:2    | Entered Level 2 of the Orcish Mines
 14653 | Orc:1    | Reached skill level 5 in Armour
 15045 | Lair:1   | Entered Level 1 of the Lair of Beasts
 15088 | Lair:1   | Reached skill level 6 in Armour
 15209 | Lair:1   | Reached skill level 10 in Dodging
 15824 | Lair:1   | Reached skill level 11 in Dodging
 15943 | Lair:1   | Identified the +1 robe of the Crypt {Str+4 Dex-5 Slay+6}
 16236 | Lair:2   | Found a staircase to the Snake Pit.
 16946 | Lair:3   | Identified the +5 battleaxe of the Imbibing Pariah {flame,
                  | *Slow MP+9 Dex+2}
 17028 | Lair:3   | Reached XP level 13. HP: 93/98 MP: 12/22
 17160 | Lair:3   | Found a staircase to the Swamp.
 17169 | Lair:3   | Reached skill level 12 in Dodging
 17660 | Lair:3   | You pick up a book of Dreams and begin reading...
 17660 | Lair:3   | You add the spells Ensorcelled Hibernation, Spider Form and
                  | Anguish to your library.
 17929 | Lair:4   | Found a viscous altar of Jiyva.
 17932 | Lair:4   | Found a staircase to the Slime Pits.
 17960 | Lair:4   | Reached skill level 13 in Dodging
 18108 | Lair:4   | You pick up a book of the Earth and begin reading...
 18108 | Lair:4   | You add the spells Leda's Liquefaction, Lee's Rapid
                  | Deconstruction and Statue Form to your library.
 18394 | Lair:4   | Reached skill level 14 in Dodging
 18407 | Lair:4   | Reached skill level 1 in Shields
 19078 | Lair:5   | Entered Level 5 of the Lair of Beasts
 19090 | Lair:5   | Reached skill level 2 in Shields
 19109 | Lair:5   | Reached skill level 3 in Shields
 19300 | Lair:4   | Reached skill level 4 in Shields
 19491 | Lair:4   | Reached skill level 5 in Shields
 19776 | Lair:5   | Reached skill level 6 in Shields
 20343 | Lair:5   | You pick up a book of Burglary and begin reading...
 20594 | Lair:5   | Reached XP level 14. HP: 99/105 MP: 13/23
 20780 | Lair:5   | Reached skill level 15 in Dodging
 21222 | Lair:5   | Reached skill level 16 in Dodging
 21734 | Orc:1    | Found Figuaduq's General Store.
 21734 | Orc:1    | Found Zokheet's Specific Store.
 21765 | Orc:1    | Noticed Josephine
 21955 | Orc:1    | Killed Josephine
 21968 | Orc:1    | Found Taan's Distillery.
 22710 | Orc:2    | Reached skill level 17 in Dodging
 22786 | Orc:2    | Noticed an orc warlord
 22928 | Orc:2    | Found a staircase to the Elven Halls.
 23028 | Orc:2    | Killed an orc warlord
 23940 | Orc:2    | Found Plog's Antique Weapon Boutique.
 23940 | Orc:2    | Found Eqadwuomp's Weapon Shop.
 23940 | Orc:2    | Found Vitoecs's General Store.
 23990 | Orc:2    | Found Xumam's Jewellery Boutique.
 24072 | Orc:2    | Reached skill level 18 in Dodging
 24085 | Orc:2    | Bought an ichor-stained scimitar for 189 gold pieces
 24085 | Orc:2    | Identified the +6 scimitar of Indomitability {flame, rN+
                  | rCorr Stlth-} (You bought it in a shop on level 2 of the
                  | Orcish Mines)
 24085 | Orc:2    | Bought a dazzling long sword for 178 gold pieces
 24085 | Orc:2    | Identified the +4 long sword of the Mashing Gods {heavy,
                  | rF+ Int+3} (You bought it in a shop on level 2 of the
                  | Orcish Mines)
 24329 | Elf:1    | Entered Level 1 of the Elven Halls
 24332 | Elf:1    | Reached skill level 2 in Evocations
 24555 | D:12     | Reached skill level 3 in Evocations
 24816 | D:12     | Reached skill level 4 in Evocations
 25322 | D:12     | Reached skill level 5 in Evocations
 25429 | D:13     | Found Ettoher's Antique Armour Emporium.
 25436 | D:13     | Bought a pair of faintly humming gloves for 247 gold pieces
 25436 | D:13     | Identified the +1 pair of gloves of Negligence {Harm Regen+
                  | rCorr Str-5} (You bought it in a shop on level 13 of the
                  | Dungeon)
 25446 | D:13     | Found a gate to the Vaults.
 25529 | D:13     | Reached XP level 15. HP: 61/110 MP: 0/24
 25549 | D:13     | Reached skill level 6 in Evocations
 25664 | D:13     | Identified the +2 war axe "Huuquush" {heavy, Str+5 Dex+4}
 25690 | D:13     | Found a gate leading to a gauntlet.
 25699 | Gauntlet | Entered a Gauntlet
 25699 | Gauntlet | Found a transporter.
 25750 | Gauntlet | Found a transporter.
 25752 | Gauntlet | Found a transporter.
 25765 | Gauntlet | Found a transporter.
 25766 | Gauntlet | Found a transporter.
 25774 | Gauntlet | Found a transporter.
 25793 | Gauntlet | Found a transporter.
 25800 | Gauntlet | Found a transporter.
 25810 | Gauntlet | Found a transporter.
 25834 | Gauntlet | Found a transporter.
 25834 | Gauntlet | Found a transporter.
 25853 | Gauntlet | Found a transporter.
 25855 | Gauntlet | Found a transporter.
 25919 | Gauntlet | Found a transporter.
 26306 | Gauntlet | Identified the amulet "Nashrirphe" {Faith Will+}
 26427 | Gauntlet | You pick up a book of Chaos and begin reading...
 26427 | Gauntlet | You add the spells Conjure Ball Lightning and Disjunction
                  | to your library.
 26427 | Gauntlet | You pick up a book of Decay and begin reading...
 26427 | Gauntlet | You add the spells Cigotuvi's Dreadful Rot, Dispel Undead
                  | and Death Channel to your library.
 26427 | Gauntlet | You pick up a book of Decay and begin reading...
 26546 | Gauntlet | Reached skill level 7 in Evocations
 26701 | D:13     | You pick up a book of the Moon and begin reading...
 26701 | D:13     | You add the spells Passage of Golubria, Silence and
                  | Lehudib's Crystal Spear to your library.
 26773 | D:13     | Learned a level 5 spell: Silence
 27229 | D:11     | Bought the ring of Skepticism {Drain rElec Int+9 Dex+3} for
                  | 1019 gold pieces
 27760 | D:14     | You pick up a book of Spectacle and begin reading...
 27760 | D:14     | You add the spells Dazzling Flash, Iskenderun's Mystic
                  | Blast and Starburst to your library.
 28091 | D:14     | Reached skill level 9 in Fighting
 28379 | D:14     | You pick up a book of Storms and begin reading...
 28379 | D:14     | You add the spells Airstrike, Summon Lightning Spire and
                  | Lightning Bolt to your library.
 28672 | D:14     | Reached skill level 10 in Fighting
 28847 | D:15     | Entered Level 15 of the Dungeon
 28914 | D:15     | Found Zin's Purification Station.
 29044 | D:15     | HP: 21/117 [phantasmal warrior (13)]
 29397 | D:15     | Reached skill level 11 in Fighting
 29522 | D:15     | Found a staircase to the Depths.
 30025 | Depths:1 | Entered Level 1 of the Depths
 30227 | Depths:1 | Reached skill level 12 in Fighting
 30380 | Depths:1 | Identified the ring of Veffio {Fly rC+ Will+ MP-9 Str+5}
 30455 | Depths:1 | Reached XP level 16. HP: 116/127 MP: 19/25
 30686 | Depths:1 | Reached skill level 7 in Armour
 30932 | Snake:1  | Entered Level 1 of the Snake Pit
 30934 | Snake:1  | Noticed Aizul
 31009 | Lair:2   | Killed Aizul
 31362 | Snake:1  | Found Beowulf's Dragon-Slaying Spoils.
 31410 | Snake:1  | Noticed Nikola
 31432 | Snake:1  | HP: 23/127 [Nikola/arc of chain lightning (46)]
 31604 | Lair:2   | magus.rc [v1.9.6]
 31766 | Elf:1    | Found a radiant altar of Vehumet.
 31802 | Elf:1    | Reached skill level 8 in Armour
 31818 | Elf:1    | Noticed Kirke
 31823 | Elf:1    | Reached skill level 1 in Air Magic
 31838 | Elf:1    | Killed Kirke
 31839 | Elf:1    | Reached skill level 2 in Air Magic
 31856 | Elf:1    | HP: 31/127 [+4 dire flail of holy wrath (17)]
 31976 | Elf:1    | Found a runed translucent gate.
 31976 | Elf:1    | Found a runed translucent gate.
 31981 | Elf:1    | Found a runed translucent gate.
 31998 | Elf:1    | Noticed Frances
 32195 | Elf:1    | Reached skill level 11 in Hexes
 32311 | Elf:1    | Reached skill level 3 in Air Magic
 32563 | Elf:2    | Reached skill level 4 in Air Magic
 32629 | Elf:2    | Reached skill level 12 in Hexes
 32705 | Elf:2    | Reached skill level 5 in Air Magic
 32927 | Elf:2    | Paralysed by an air elemental for 1 turns
 32936 | Elf:2    | Paralysed by an air elemental for 1 turns
 33132 | Elf:2    | Found a huge runed translucent gate.
 33132 | Elf:2    | Found a huge runed translucent gate.
 33132 | Elf:2    | Found a huge runed translucent gate.
 33134 | Elf:2    | Found a huge runed translucent gate.
 33136 | Elf:2    | Found a huge runed translucent gate.
 33141 | Elf:2    | Reached skill level 13 in Hexes
 33458 | Elf:2    | Reached skill level 6 in Air Magic
 33912 | Elf:2    | Gained mutation: Your magical capacity is low. (-10% MP)
                  | [potion of mutation]
 33912 | Elf:2    | Gained mutation: Potions are less effective at restoring
                  | your health. [potion of mutation]
 33912 | Elf:2    | Gained mutation: You occasionally lose the ability to read
                  | scrolls when taking damage. [potion of mutation]
 33912 | Elf:2    | Gained mutation: You possess an exceptional clarity of
                  | mind. [potion of mutation]
 33913 | Elf:2    | Lost mutation: Your magical capacity is low. (-10% MP)
                  | [potion of mutation]
 33913 | Elf:2    | Lost mutation: Potions are less effective at restoring your
                  | health. [potion of mutation]
 33913 | Elf:2    | Lost mutation: You occasionally lose the ability to read
                  | scrolls when taking damage. [potion of mutation]
 33913 | Elf:2    | Gained mutation: Potions are less effective at restoring
                  | your health. [potion of mutation]
 33913 | Elf:2    | Gained mutation: You have a pair of small horns on your
                  | head. [potion of mutation]
 33913 | Elf:2    | Gained mutation: Your muscles are strong. (Str +4, Int/Dex
                  | -1) [potion of mutation]
 34683 | Elf:2    | Reached skill level 14 in Hexes
 34712 | Elf:2    | Reached skill level 7 in Air Magic
 34860 | Elf:2    | a - a +2 quick blade of freezing {shortrare=g}
 34882 | Elf:2    | your +2 quick blade of freezing {shortrare=g} glows with a
                  | cold blue light!
 34882 | Elf:2    | a - a +2 quick blade of freezing (weapon) {shortrare=g}
 34883 | Elf:2    | your +2 quick blade of freezing {shortrare=g} glows red for
                  | a moment.
 34884 | Elf:2    | your +3 quick blade of freezing {shortrare=g} craves living
                  | souls!
 34884 | Elf:2    | a - a +3 quick blade of draining (weapon) {shortrare=g}
 34927 | Elf:1    | Noticed Agnes
 34951 | Elf:2    | Killed Agnes
 34973 | Elf:1    | Noticed Jorgrun
 35283 | Swamp:1  | Entered Level 1 of the Swamp
 35516 | Snake:1  | Reached skill level 8 in Stealth
 35516 | Snake:1  | Reached XP level 17. HP: 130/133 MP: 21/26
 35517 | Snake:1  | Killed Nikola
 35560 | Snake:1  | Reached skill level 9 in Stealth
 35572 | Snake:1  | Noticed Asterion
 35598 | Snake:1  | HP: 30/133 [balrug/divine providence[Asterion] (9)]
 35600 | Snake:1  | HP: 7/133 [balrug/divine providence[Asterion] (8)]
 35600 | Snake:1  | Demolished by Asterion

Vanquished Creatures
  Nikola (Snake:1)
  Agnes (Elf:2)
  Kirke (Elf:1)
  A deep elf sorcerer (Elf:1)
  Aizul (Lair:2)
  An orc warlord (Orc:2)
  3 very ugly things (Depths:1)
  A vampire knight (Depths:1)
  3 stone giants (Depths:1)
  An eleionoma (Lair:3)
  A minotaur (Gauntlet)
  Josephine (Orc:1)
  An ice dragon (Depths:1)
  5 hydras
  A catoblepas (Lair:4)
  4 centaur warriors
  2 anacondas
  An alligator (Lair:3)
  15 dancing weapons (Elf:2)
  Erica (D:10)
  3 tengu warriors
  4 two-headed ogres
  A naga warrior (Snake:1)
  A shock serpent (Snake:1)
  9 deep elf knights
  5 orc high priests (Orc:2)
  Lodul (D:10)
  7 skeletal warriors
  A flayed ghost (Depths:1)
  A bog body (Lair:3)
  6 deep elf archers
  A lindwurm (Lair:5)
  22 deep elf zephyrmancers
  A tengu zombie (D:15)
  2 phantasmal warriors
  A sphinx zombie (D:15)
  2 necromancers
  4 orc knights
  19 deep elf pyromancers
  A mana viper (Snake:1)
  A wolf spider (Lair:5)
  Pikel (D:5)
  A spectral boulder beetle (D:11)
  27 ugly things
  A fire giant zombie (D:15)
  2 manticores
  6 cyclopes
  3 orc sorcerers
  6 elephants (Lair:4)
  Maurice (D:10)
  5 centaur zombies (D:11)
  7 naga magi (Snake:1)
  A guardian serpent (Snake:1)
  6 black mambas
  A gargoyle (D:12)
  A spriggan zombie (D:15)
  3 cane toads
  2 centaur skeletons (D:11)
  3 unseen horrors (shapeshifter)
  An efreet (D:14)
  4 kobold demonologists
  2 minotaur zombies (Gauntlet)
  A rime drake (Lair:5)
  4 komodo dragons
  2 tengu conjurers
  A troll (shapeshifter) (D:14)
  6 trolls
  13 polar bears
  16 dream sheep
  13 blink frogs
  2 spectral black mambas (D:11)
  2 raiju (Lair:5)
  Sigmund (D:5)
  3 slime creatures (D:12)
  11 flying skulls
  10 shadows
  6 wyverns
  An air elemental (Elf:2)
  A culicivora (shapeshifter) (D:13)
  A centaur simulacrum (D:11)
  3 vampires
  A water elemental (Elf:2)
  12 wraiths
  3 hogs (Elf:1)
  2 fire elementals (Elf:2)
  55 yaks
  3 basilisks
  A steam dragon (Lair:1)
  11 vampire mosquitoes
  11 wargs
  7 nagas (Snake:1)
  17 hell hounds
  2 acid dragons (D:11)
  14 water moccasins
  Duvessa (D:5)
  21 orc warriors
  An ice beast (D:6)
  12 black bears
  2 sky beasts
  A boulder beetle simulacrum (D:11)
  A boggart (Elf:1)
  2 black mamba simulacra (D:11)
  41 wolves
  8 centaurs
  11 ogres
  2 phantoms
  2 kobold brigands
  7 bullfrogs
  3 gnoll sergeants
  An earth elemental (Elf:2)
  A scorpion (D:5)
  5 wights (D:9)
  Dowan (D:5)
  4 killer bees (D:10)
  8 howler monkeys
  4 hounds
  A jelly (D:5)
  32 orc priests
  Crazy Yiuf (D:2)
  Jessica (D:2)
  A human skeleton (D:4)
  35 orc wizards
  A hell rat (D:10)
  5 iguanas
  2 human simulacra (D:9)
  13 gnolls
  6 adders
  2 shadow imps (D:6)
  3 white imps
  2 ufetubi (D:6)
  A worm (D:2)
  A dart slug (D:2)
  75 orcs
  8 ball pythons
  4 bats
  7 endoplasms
  8 giant cockroaches
  9 goblins
  13 hobgoblins
  6 jackals
  17 kobolds
  2 quokkas
  7 frilled lizards
  A goblin skeleton (D:4)
  6 rats
868 creatures vanquished.

Vanquished Creatures (collateral kills)
  3 dancing weapons (Elf:2)
  A tengu warrior (Depths:1)
  An orc knight (Orc:2)
  2 ugly things (Depths:1)
  A tengu conjurer (Depths:1)
  An orc wizard (Orc:2)
  2 orcs (Orc:2)
11 creatures vanquished.

Vanquished Creatures (others)
  An anaconda (Snake:1)
  A naga ritualist (Snake:1)
  A black mamba (Snake:1)
  A naga mage (Snake:1)
  2 humans (Elf:1)
  An orc warrior (Orc:2)
  A demonic plant (Gauntlet)
  6 fungi
  16 plants
  A withered plant (D:15)
31 creatures vanquished.

Grand Total: 910 creatures vanquished

Table legend:
 A = Non-vault XP
 B = Vault XP
 C = Vault XP percentage of total XP
 D = Non-vault monster count
 E = Vault monster count
 F = Vault count percentage of total count
                 A         B        C        D         E       F
            +---------+---------+-------+---------+---------+-------
      Total |  127245 |   95643 |  42.9 |     573 |     308 |  35.0
            +---------+---------+-------+---------+---------+-------
        D:1 |      60 |       0 |   0.0 |      34 |       0 |   0.0
        D:2 |     140 |      77 |  35.5 |      15 |       2 |  11.8
        D:3 |     204 |      20 |   8.9 |      31 |      12 |  27.9
        D:4 |     355 |      38 |   9.7 |      23 |       2 |   8.0
        D:5 |     851 |    1009 |  54.2 |      18 |       4 |  18.2
        D:6 |     332 |       0 |   0.0 |      12 |       0 |   0.0
        D:7 |     311 |       0 |   0.0 |       5 |       0 |   0.0
        D:8 |     550 |     106 |  16.2 |       9 |       1 |  10.0
        D:9 |    2513 |      42 |   1.6 |      28 |       2 |   6.7
       D:10 |    1741 |    4134 |  70.4 |      33 |      18 |  35.3
       D:11 |    6013 |   10197 |  62.9 |      38 |      48 |  55.8
       D:12 |    8693 |       0 |   0.0 |      22 |       0 |   0.0
       D:13 |    6658 |    1013 |  13.2 |      11 |       3 |  21.4
       D:14 |   13022 |    2402 |  15.6 |      24 |       4 |  14.3
       D:15 |    6061 |    5003 |  45.2 |      15 |       8 |  34.8
     Lair:1 |    4986 |       0 |   0.0 |      29 |       0 |   0.0
     Lair:2 |    2090 |    1206 |  36.6 |       7 |       1 |  12.5
     Lair:3 |    5944 |     697 |  10.5 |      18 |       1 |   5.3
     Lair:4 |    7435 |    4325 |  36.8 |      31 |      14 |  31.1
     Lair:5 |    8959 |   11353 |  55.9 |      32 |      61 |  65.6
    Snake:1 |    8783 |    2540 |  22.4 |      22 |       1 |   4.3
      Orc:1 |    2184 |    1960 |  47.3 |      33 |       6 |  15.4
      Orc:2 |    2613 |   13878 |  84.2 |      26 |      62 |  70.5
      Elf:1 |    5236 |    9392 |  64.2 |       9 |      16 |  64.0
      Elf:2 |   16490 |   20692 |  55.7 |      28 |      27 |  49.1
   Depths:1 |   15021 |    1655 |   9.9 |      20 |       2 |   9.1
   Gauntlet |       0 |    3904 | 100.0 |       0 |      13 | 100.0
            +---------+---------+-------+---------+---------+-------

Illustrated notes

Table legend:
 A = Kills in this place as a percentage of kills in entire the game.
 B = Kills by you in this place as a percentage of kills by you in the entire game.
 C = Kills by friends in this place as a percentage of kills by friends in the entire game.
 D = Other kills in this place as a percentage of other kills in the entire game.
 E = Experience gained in this place as a percentage of experience gained in the entire game.
 F = Experience gained in this place divided by the number of levels of this place that you have seen.
                   A       B       C       D       E      F
               +-------+-------+-------+-------+-------+----------------------
         Total | 100.0 | 100.0 | 100.0 | 100.0 | 100.0 | 7685.8
       Dungeon |  47.9 |  48.6 |   0.0 |  25.0 |  32.1 | 4769.7
          Lair |  22.0 |  22.4 |   0.0 |   0.0 |  21.1 | 9399.0
     Snake Pit |   2.6 |   2.5 |   0.0 |  25.0 |   5.1 | 11323.0
  Orcish Mines |  14.4 |  14.1 |  36.4 |  25.0 |   9.3 | 10317.5
   Elven Halls |   9.1 |   8.9 |  27.3 |   0.0 |  23.2 | 25905.0
        Depths |   2.5 |   2.0 |  36.4 |  25.0 |   7.5 | 16676.0
      Gauntlet |   1.5 |   1.5 |   0.0 |   0.0 |   1.8 | 3904.0
               +-------+-------+-------+-------+-------+----------------------

Table legend: (Time is in decaauts)
 A = Elapsed time spent in this place.
 B = Non-inter-level travel time spent in this place.
 C = Inter-level travel time spent in this place.
 D = Time resting spent in this place.
 E = Time spent auto-exploring this place.
 F = Levels seen in this place.
 G = Mean time per level.
                   A        B        C        D        E       F      G
               +--------+--------+--------+--------+--------+-----+--------+
         Total |  33917 |  31831 |   2086 |   5564 |  19927 |  29 | 1169.6 |
       Dungeon |  18693 |  17417 |   1276 |   1499 |  12923 |  15 | 1246.2 |
        Temple |     55 |     34 |     21 |      0 |     10 |   1 |   55.0 |
          Lair |   6805 |   6524 |    281 |   1115 |   4578 |   5 | 1361.0 |
         Swamp |     11 |     11 |      0 |      0 |      0 |   1 |   11.0 |
     Snake Pit |    394 |    392 |      2 |    157 |     77 |   1 |  394.0 |
  Orcish Mines |   3349 |   3061 |    288 |   1004 |   1410 |   2 | 1674.5 |
   Elven Halls |   3107 |   2906 |    201 |   1235 |    592 |   2 | 1553.5 |
        Depths |    565 |    551 |     14 |     66 |    269 |   1 |  565.0 |
      Gauntlet |    934 |    934 |      0 |    488 |     68 |   1 |  934.0 |
               +--------+--------+--------+--------+--------+-----+--------+

Top non-repeatable levels by time:
    D:11: 2818 daAuts
   Elf:2: 2273 daAuts
  Lair:5: 1861 daAuts
    D:10: 1757 daAuts
     D:9: 1747 daAuts
   Orc:1: 1719 daAuts
  Lair:4: 1697 daAuts
   Orc:2: 1630 daAuts
     D:5: 1286 daAuts
     D:1: 1281 daAuts
     D:8: 1270 daAuts
    D:14: 1261 daAuts
  Lair:2: 1130 daAuts
  Lair:1: 1083 daAuts
    D:15: 1051 daAuts
